 Dungeon Crawl Stone Soup version 0.20.1-1-g8b1a95d (webtiles) character file.

2980 wnhky the Fighter (level 9, -23/83 HPs)
             Began as a Hill Orc Fighter on Sept 10, 2017.
             Was a Follower of Beogh.
             Killed from afar by ThereIsNoGod's ghost (29 damage)
             ... with a stone arrow
             ... on level 8 of the Dungeon.
             The game lasted 00:16:23 (8952 turns).

wnhky the Fighter (Hill Orc Fighter)                Turns: 8952, Time: 00:16:23

Health: -23/83     AC: 18    Str: 25    XL:     9   Next: 83%
Magic:  12/12      EV:  7    Int: 13    God:    Beogh [*.....]
Gold:   446        SH:  0    Dex: 15    Spells: 8/8 levels left

rFire    + . .     SeeInvis .   a - +1 war axe
rCold    . . .     Gourm    .   f - +0 shield {rN+}
rNeg     + . .     Faith    .   d - +2 chain mail {rF+}
rPois    .         Spirit   .   c - +1 helmet
rElec    +         Reflect  .   b - +0 cloak
rCorr    .         Harm     .   (no gloves)
MR       .....                  (no boots)
Stlth    ..........             (no amulet)
Regen    0.3/turn               (no ring)
MPRegen  0.2/turn               z - +6 ring of strength

@: confused, brilliant, hasted, very quick
A: yellow scales 1, agile 1, electricity resistance, sturdy frame 1
a: Renounce Religion


You were on level 8 of the Dungeon.
You worshipped Beogh.
Beogh was aware of your devotion.
You were very hungry.

You visited 1 branch of the dungeon, and saw 8 of its levels.

You collected 446 gold pieces.

Inventory:

Hand Weapons
 a - a +1 war axe (weapon)
Armour
 b - a +0 cloak (worn)
 c - a +1 helmet (worn)
 d - a +2 chain mail of fire resistance (worn)
 f - a +0 shield of positive energy (worn)
Jewellery
 i - an uncursed ring of fire
 z - a +6 ring of strength (right hand)
Wands
 k - a wand of iceblast (3/15)
Scrolls
 e - 2 scrolls of magic mapping
 n - 3 scrolls of identify
 p - 2 scrolls of fog
 q - a scroll of remove curse
 r - a scroll of enchant weapon
Potions
 l - a potion of agility
 s - 2 potions of lignification
 u - a potion of haste
Comestibles
 g - 4 meat rations
 m - 5 royal jellies
 w - 7 bread rations


   Skills:
 * Level 9.3 Fighting
 * Level 9.1 Axes
 * Level 8.0 Armour
 + Level 6.3 Shields
 + Level 4.5 Invocations


You had 8 spell levels left.
You didn't know any spells.

Dungeon Overview and Level Annotations

Branches:
Dungeon (8/15)             Temple (0/1) D:6
   Lair: D:8-11

Altars:
Ashenzari
Dithmenos
Gozag
Kikubaaqudgha
Makhleb
Nemelex Xobeh
Qazlal
Sif Muna
Trog
Xom
Yredelemnul
Zin

Shops:
D:5 (

Annotations:
D:8 ThereIsNoGod's ghost, journeyman DrEE


Innate Abilities, Weirdness & Mutations

You are partially covered in yellow scales. (AC +2)
You are agile. (Dex +2)
You are resistant to electric shocks. (rElec)
Your movements are slightly less encumbered by armour. (ER -2)


Message History

ThereIsNoGod's ghost points at you and mumbles some strange words.
The blast of sand hits you!
The centaur hits you but does no damage.
Unknown command.
You hit ThereIsNoGod's ghost.
ThereIsNoGod's ghost is lightly damaged.
You barely miss the centaur.
ThereIsNoGod's ghost hits you but does no damage.
The centaur barely misses you.
You are feeling very hungry.
You miss ThereIsNoGod's ghost.
ThereIsNoGod's ghost is lightly damaged.
You barely miss the centaur.
The orc warrior hits you from afar with a glaive!
* * * LOW HITPOINT WARNING * * *
The centaur hits you but does no damage.
You're too confused to move!
ThereIsNoGod's ghost casts a spell at you.
The stone arrow hits you!
You die...

.♣..≈;...# .#
..PP.P..P# ...#
...P.....# ...#
....P♣...###...#
.......♣.##....#
#$.(.......#
##...o.....#
##.Wc...###
##.@...# ##(...##
..#.....#
.........## ####
...........###..#
###............##
#...........##
##..<......##
##.......##


You could see an orc warrior, a centaur and ThereIsNoGod's ghost.

Vanquished Creatures
  A spriggan (D:7)
  Duvessa (D:6)
  2 sky beasts
  4 ice beasts
  A necrophage (D:7)
  6 ogres
  The ghost of ceb the Ducker, an amateur DsGl (D:3)
  A centaur (D:3)
  4 bullfrogs
  Dowan (D:6)
  5 wights (D:6)
  A howler monkey (D:6)
  A crimson imp (D:6)
  A centaur zombie (D:6)
  2 bullfrog zombies
  3 orc priests
  A hound (D:4)
  4 orc wizards
  A centaur skeleton (D:6)
  3 iguanas
  Ijyb (D:5)
  3 worker ants
  A hound skeleton (D:7)
  A howler monkey zombie (D:5)
  A worker ant zombie (D:5)
  8 gnolls
  8 adders
  2 shadow imps
  An ooze (D:2)
  An adder zombie (D:7)
  5 worms (D:2)
  A dart slug (D:2)
  5 leopard geckos
  16 orcs
  2 ball pythons
  5 giant cockroaches
  4 goblins
  11 hobgoblins
  3 quokkas
  A ball python skeleton (D:6)
  9 bats
  9 frilled lizards
  9 kobolds
  A quokka skeleton (D:6)
  3 rats (D:2)
155 creatures vanquished.

Vanquished Creatures (others)
  A hound skeleton (D:4)
  A jackal (D:8)
  A frilled lizard (D:4)
  A plant (D:8)
4 creatures vanquished.

Grand Total: 159 creatures vanquished

Notes
Turn   | Place    | Note
-------+----------+-------------------------------------------
     0 | D:1      | wnhky the Hill Orc Fighter began the quest for the Orb.
     0 | D:1      | Reached XP level 1. HP: 19/19 MP: 1/1
   480 | D:1      | Reached XP level 2. HP: 25/27 MP: 2/2
   824 | D:2      | Reached XP level 3. HP: 24/33 MP: 3/3
  1202 | D:2      | Reached XP level 4. HP: 25/41 MP: 4/4
  1232 | D:2      | Found a bloodstained altar of Trog.
  1905 | D:2      | Reached XP level 5. HP: 45/47 MP: 5/5
  1916 | D:2      | Reached skill level 5 in Fighting
  2199 | D:3      | Noticed ceb's ghost (amateur DsGl)
  2215 | D:3      | Killed ceb's ghost
  2215 | D:3      | Reached XP level 6. HP: 8/56 MP: 6/6
  2686 | D:3      | Reached skill level 5 in Axes
  2845 | D:3      | Noticed an ice beast
  2862 | D:3      | Killed an ice beast
  2862 | D:3      | Reached XP level 7. HP: 8/63 MP: 7/7
  3784 | D:4      | Reached skill level 5 in Armour
  3820 | D:4      | HP: 2/63 [ogre/giant spiked club (18)]
  4169 | D:4      | Became a worshipper of Beogh the Brigand
  4354 | D:4      | Found a sparkling altar of Nemelex Xobeh.
  4363 | D:4      | Found a shadowy altar of Dithmenos.
  4363 | D:4      | Found a shimmering altar of Xom.
  4364 | D:4      | Found a basalt altar of Yredelemnul.
  4365 | D:4      | Found a shattered altar of Ashenzari.
  4368 | D:4      | Found a burning altar of Makhleb.
  4411 | D:4      | Reached skill level 5 in Shields
  4620 | D:4      | Found an ancient bone altar of Kikubaaqudgha.
  4820 | D:4      | Found a deep blue altar of Sif Muna.
  4961 | D:5      | Entered Level 5 of the Dungeon
  4972 | D:5      | Reached skill level 1 in Invocations
  5035 | D:5      | Reached XP level 8. HP: 58/71 MP: 8/8
  5428 | D:5      | Found Holutu's Weapon Emporium.
  5460 | D:5      | Noticed Ijyb
  5487 | D:5      | Killed Ijyb
  5879 | D:6      | Found a stormy altar of Qazlal.
  5969 | D:6      | Found a staircase to the Ecumenical Temple.
  6356 | D:6      | Noticed Dowan
  6358 | D:6      | Noticed Duvessa
  6360 | D:6      | Gained mutation: Your movements are slightly less encumbered by armour. (ER -2) [potion of mutation]
  6360 | D:6      | Gained mutation: You are agile. (Dex +2) [potion of mutation]
  6360 | D:6      | Gained mutation: You are partially covered in yellow scales. (AC +2) [potion of mutation]
  6360 | D:6      | Gained mutation: You are resistant to electric shocks. (rElec) [potion of mutation]
  6362 | D:6      | Killed Dowan
  6376 | D:6      | Killed Duvessa
  6755 | D:6      | Reached XP level 9. HP: 81/81 MP: 11/11
  6938 | D:6      | Reached * piety under Beogh
  7129 | D:6      | Found a glowing silver altar of Zin.
  7130 | D:6      | Found an opulent altar of Gozag.
  8884 | D:8      | Noticed ThereIsNoGod's ghost (journeyman DrEE)
  8942 | D:8      | HP: 3/83 [orc warrior/glaive (6)]
  8951 | D:8      | HP: 3/83 [orc warrior/glaive (12)]
  8952 | D:8      | Killed from afar by ThereIsNoGod's ghost

Skill      XL: |  1  2  3  4  5  6  7  8  9 |
---------------+----------------------------+-----
Fighting       | 4 5 6 8 9 |  9.3
Axes           | 3 4 5 6 7 9 |  9.1
Shields        | 4 5 6 |  6.3
Armour         | 4 5 6 8 |  8.0
Invocations    | 1 3 4 |  4.5

Action                   |  1- 3 |  4- 6 |  7- 9 || total
-------------------------+-------+-------+-------++-------
Melee: War axe           |   112 |   150 |   549 ||   811
       Unarmed           |       |       |     9 ||     9
Invok: Convert to Beogh  |       |       |     1 ||     1
Evoke: Wand              |       |       |     2 ||     2
  Use: Potion            |       |     1 |    17 ||    18
       Scroll            |       |       |    11 ||    11
  Eat: Chunk             |     1 |     6 |     7 ||    14
       Bread ration      |       |       |     1 ||     1
       Meat ration       |       |       |     1 ||     1
       Fruit             |       |       |     3 ||     3
Armor: Scale mail        |    62 |    74 |    89 ||   225
       Chain mail        |       |       |   164 ||   164
       Skin              |       |       |     2 ||     2
Dodge: Dodged            |    39 |    46 |   129 ||   214
Block: Shield            |    66 |    88 |   251 ||   405
